[Event "Late-Titled-Tuesday-Blitz-October-03-2023"]
[Site "Chess.com"]
[Date "2023.10.03"]
[Round "1"]
[White "dorpato"]
[Black "zverr1"]
[Result "0-1"]
[WhiteElo "2039"]
[BlackElo "2526"]
[TimeControl "180+1"]
[EndTime "14:07:51 PDT"]
[Termination "zverr1 won on time"]

1. e4 c5 2. Nc3 g6 3. g3 Bg7 4.
Bg2 Nc6 5. d3 e6 6. Be3 d6 7.
Qd2 Rb8 8. h3 b5 9. Rb1 a5 10. Nf3 b4 11. Ne2 Ba6 12. O-O Nge7 13. Nh2 O-O 14. Bh6 Nd4 15. Bxg7 Kxg7 16. f4 f5 17. Nf3 Nxf3+ 18. Bxf3 Bb7 19. Bg2 Qd7 20. g4 Kg8 21. Ng3 Rbc8 22. Qe2 Nc6 23. Rbe1 Nd4 24. Qf2 Rce8 25. c3 bxc3 26. bxc3 Nb5 27. Qd2 Qg7 28. Rc1 Bc6 29. a4 Nc7 30. Ra1 Rb8 31. d4 cxd4 32.
cxd4 Rb4 33. e5 Bxg2 34. Kxg2 Nd5 35. exd6 Rxd4 36. Qe2 Nxf4+ 37. Rxf4 Rxf4 38. Qxe6+ Kh8 39. Qe3 fxg4 40. Re1 gxh3+ 41. Kxh3 Rf3 42. Qe5 Qxe5 43. Rxe5 Rd3 44. Re6 Rd8 45. Kg4 R3xd6 46. Re5 Rd5 47. Re6 Rd4+ 48. Kg5 Rxa4 0-1

[Event "Late-Titled-Tuesday-Blitz-October-03-2023"]
[Site "Chess.com"]
[Date "2023.10.03"]
[Round "1"]
[White "OYAcosta"]
[Black "subham777"]
[Result "1-0"]
[WhiteElo "2171"]
[BlackElo "2525"]
[TimeControl "180+1"]
[EndTime "14:07:53 PDT"]
[Termination "OYAcosta won by checkmate"]

1. d4 d5 2. Nf3 Nf6 3. g3 e6 4. Bg2 Be7 5. O-O O-O 6. c4 dxc4 7. Nc3 Bd7 8. Ne5 Nc6 9. Nxc4 a6 10. e4 b5 11. Ne3 Rb8 12. d5 exd5 13. Ncxd5 Be6 14.
Qe2 Nd4 15. Qd3 c5 16. Rd1 Bxd5 17. exd5 Bd6 18. b4 Re8 19. Bb2 Be5 20. bxc5 Nf3+ 21. Bxf3 Bxb2 22. Rab1 Be5 23. d6 Qa5 24. a3 Rbd8 25.
Nd5 Nxd5 26. Bxd5 g6 27. Qf3 Rf8 28. Qe4 Bf6 29. c6 Rxd6 30. Bxf7+ Rxf7 31. Rxd6 Qxa3 32. c7 Rxc7 33. Rxf6 Kg7 34. Rc6 Rf7 35. Qd4+ Kh6 36. Qd2+ Kg7 37. Qb2+ Qxb2 38. Rxb2 Ra7 39. Ra2 a5 40.
Rb6 b4 41. Rxb4 h5 42. Rba4 Rd7 43. Rxa5 Rd1+ 44. Kg2 Kh6 45. h4 Rd7 46. Ra7 Rd6 47. Ra8 Rc6 48. R2a7 g5 49. Ra6 Rg6 50. Rxg6+ Kxg6 51. hxg5 Kf5 52. f4 Kg4 53. g6 Kf5 54. g7 h4 55. g4+ Ke4 56. Ra4+ Ke3 57. g8=Q h3+ 58. Kxh3 Kf2 59. f5 Kg1 60. g5 Kh1 61. f6 Kg1 62.
g6 Kf2 63. f7 Kg1 64. f8=Q Kh1 65. Qf1# 1-0

[Event "Late-Titled-Tuesday-Blitz-October-03-2023"]
[Site "Chess.com"]
[Date "2023.10.03"]
[Round "1"]
[White "Zurability"]
[Black "PapaieDudu"]
[Result "1-0"]
[WhiteElo "2701"]
[BlackElo "2383"]
[TimeControl "180+1"]
[EndTime "14:07:54 PDT"]
[Termination "Zurability won by checkmate"]

1. Nf3 d5 2. g3 Nf6 3. Bg2 c5 4.
O-O Nc6 5. d4 e6 6. c4 Be7 7.
dxc5 Bxc5 8. cxd5 exd5 9. a3 O-O 10. b4 Be7 11. Bb2 Ne4 12. Nc3 Bf6 13. Rc1 Be6 14. e3 Qe7 15. Qe2 Rfe8 16. Nb5 Bg4 17. h3 Bh5 18. Bxf6 Nxf6 19. Qb2 Qd7 20. Nbd4 Ne4 21.
Nxc6 bxc6 22. Ne5 Qf5 23. Nxc6 Bf3 24. Nd4 Qf6 25. Bxf3 h5 26. Bxh5 Qg5 27. Bf3 Rad8 28. Bxe4 dxe4 29. Rc5 Qf6 30. Rfc1 Rd6 31. Rc6 Red8 32.
Rxd6 Rxd6 33. Rc8+ Kh7 34. Qc2 Qe5 35. Qc5 Rd5 36.
Qc2 Rd6 37. Rc5 Qe8 38. Qe2 g6 39. Qg4 Rf6 40. Rc8 Qe5 41. Qh4+ Qh5 42. Qxh5+ gxh5 43.
Rc7 a6 44. Rc6 Rg6 45. Rxg6 fxg6 46. Kg2 Kh6 47. f3 Kg5 48. fxe4 h4 49. Kf3 a5 50. bxa5 hxg3 51. Kxg3 Kh5 52. a6 Kg5 53. a7 Kh5 54.
a8=Q Kg5 55. Qd5+ Kh6 56. Ne6 Kh7 57. Qd7+ Kh6 58. Qg7+ Kh5 59. Qh7# 1-0

[Event "Late-Titled-Tuesday-Blitz-October-03-2023"]
[Site "Chess.com"]
[Date "2023.10.03"]
[Round "1"]
[White "davigator"]
[Black "ValeriyGrinev"]
[Result "0-1"]
[WhiteElo "2298"]
[BlackElo "2600"]
[TimeControl "180+1"]
[EndTime "14:07:54 PDT"]
[Termination "ValeriyGrinev won by resignation"]

1. e4 c5 2. Nf3 e6 3. d4 cxd4 4. Nxd4 a6 5. Nc3 Qc7 6. f4 b5 7. Bd3 Bb7 8. Qe2 Nf6 9. Bd2 b4 10. Nd1 Nc6 11. Nxc6 Qxc6 12. Nf2 Bc5 13. Be3 O-O 14.
O-O-O Rfc8 15. Kb1 a5 16. Rhe1 a4 17. Bc1 b3 18.
cxb3 axb3 19. a3 d5 20. e5 Bxf2 21. Qxf2 Ne4 22. Qd4 Rc7 23. Be3 g6 24. Rc1 Qd7 25. Rxc7 Qxc7 26. Rc1 Qe7 27. Qb6 Rc8 28. Rxc8+ Bxc8 29. Qxb3 Qc7 30. Qc2 Qb8 31. Ka2 Bd7 32. b4 Kg7 33.
Bd4 Bb5 34. Bxe4 dxe4 35. Qxe4 Bc4+ 36. Kb2 Qb5 37. Bc3 Bd5 38. Qc2 Qc4 39. a4 Qxf4 40.
g3 Qc4 41. Ka3 h5 42. Qb2 h4 43. b5 hxg3 44. hxg3 Qd3 45. b6 Qxg3 46. a5 Qd3 47. Ka4 Qc4+ 48. Qb4 Qa2+ 49. Qa3 Bc6+ 50. Kb4 Qe2 51. Kb3 Qb5+ 52. Kc2 Be4+ 53. Kd2 Qd3+ 54. Ke1 Bf3 55. Qb2 g5 56. a6 Qxa6 57. Kf2 Bb7 58. Bd2 Qd3 59. Bxg5 Qf3+ 60. Ke1 Qh1+ 61. Kd2 Qg2+ 62. Kc3 Qxg5 63. Kd4 Qf4+ 64. Kc5 Qe3+ 65. Kd6 Qe4 66. Qb5 Qd5+ 67. Qxd5 Bxd5 68. Ke7 Kg6 69. Kf8 Kf5 70. Kxf7 Kxe5 71. Ke7 Kf5 72. Kd6 Ba8 73. Kc7 e5 74. Kb8 Bd5 75. Kc7 e4 76. Kd6 Ba8 77. Kc7 e3 78. b7 Bxb7 79. Kxb7 e2 0-1

[Event "Late-Titled-Tuesday-Blitz-October-03-2023"]
[Site "Chess.com"]
[Date "2023.10.03"]
[Round "1"]
[White "WPWPWP-2015"]
[Black "GMBenjaminBok"]
[Result "0-1"]
[WhiteElo "2494"]
[BlackElo "2979"]
[TimeControl "180+1"]
[EndTime "14:07:56 PDT"]
[Termination "GMBenjaminBok won on time"]

1. d4 Nf6 2. Nf3 e6 3. g3 c5 4. Bg2 cxd4 5. Nxd4 d5 6. O-O e5 7. Nb3 Be6 8. Nc3 Be7 9. e4 d4 10. Ne2 Nc6 11. h3 Qd7 12. Kh2 Bc4 13. Re1 O-O 14.
Bd2 Rac8 15. Nec1 Nb4 16. Bxb4 Bxb4 17. Nd2 Qb5 18. a4 Qa6 19. b3 Be6 20. Nd3 Bc3 21.
Rc1 Nd7 22. Bf1 Qa5 23. Re2 f6 24. f4 Nc5 25. Nxc5 Rxc5 26. Rf2 Qc7 27. Bd3 exf4 28. gxf4 g6 29. Rb1 Rh5 30. Bf1 Rh4 31. Qf3 g5 32. Qg3 Rxf4 33. Rxf4 Qxf4 34. Qxf4 gxf4 35. Nf3 Kf7 36. Bd3 Rg8 37. Rg1 Rxg1 38. Nxg1 Ke7 39. Kg2 Bd2 40. Nf3 Be3 41. Nh4 Kd6 42. Nf5+ Kc5 43.
Kf3 Kb4 44. h4 Kc3 45. Ke2 b6 46. h5 Bf7 47. Ng7 a5 48. h6 Bg6 49. Kf3 Kd2 50. Bc4 Kxc2 51. Bg8 d3 52. Nf5 d2 53.
Nxe3+ fxe3 54. Bxh7 d1=Q+ 0-1

[Event "Late-Titled-Tuesday-Blitz-October-03-2023"]
[Site "Chess.com"]
[Date "2023.10.03"]
[Round "1"]
[White "Dhaydon19"]
[Black "Truequitos"]
[Result "0-1"]
[WhiteElo "2736"]
[BlackElo "2432"]
[TimeControl "180+1"]
[EndTime "14:07:56 PDT"]
[Termination "Truequitos won by checkmate"]

1. e4 e6 2. d4 d5 3. Nd2 c5 4. Ngf3 cxd4 5. Nxd4 Nf6 6. e5 Nfd7 7. f4 Nxe5 8. Nxe6 Bxe6 9. fxe5 Qh4+ 10. g3 Qd4 11. Nf3 Qe4+ 12. Qe2 Nc6 13. Qxe4 dxe4 14. Ng5 Bf5 15. Bg2 Nb4 16. O-O Bg6 17. Bf4 Bc5+ 18. Kh1 e3 19. e6 O-O 20. exf7+ Bxf7 21. Nxf7 Rxf7 22. c3 Nd3 23. Bd5 Nf2+ 24. Kg2 Rd8 25. Bxf7+ Kxf7 26. Rae1 Rd3 27. Bxe3 Bxe3 28. Rxe3 Rxe3 29.
Kxf2 Re5 30. Rd1 Re7 31. Rd4 Kg6 32. c4 Kf5 33. Kf3 Rc7 34. b3 Ke5 35. Rd5+ Ke6 36. g4 Rf7+ 37. Ke3 Rf1 38. Rb5 b6 39. c5 bxc5 40.
Rxc5 Re1+ 41. Kf4 Kd6 42. Ra5 Re7 43. b4 Rf7+ 44. Kg3 Kc6 45. a3 Kb6 46. h4 Rc7 47. Kf4 Rf7+ 48. Kg5 Rd7 49. h5 Rc7 50. h6 gxh6+ 51.
Kxh6 Rc4 52. Rg5 Rc3 53. a4 Rc7 54. Rg7 Rc4 55. a5+ Ka6 56. g5 Rh4# 0-1

[Event "Late-Titled-Tuesday-Blitz-October-03-2023"]
[Site "Chess.com"]
[Date "2023.10.03"]
[Round "1"]
[White "carokannlover213"]
[Black "GiorgianBarbosa"]
[Result "1-0"]
[WhiteElo "2728"]
[BlackElo "2406"]
[TimeControl "180+1"]
[EndTime "14:07:57 PDT"]
[Termination "carokannlover213 won by checkmate"]

1. e4 c5 2. Nf3 g6 3. c3 Bg7 4. d4 cxd4 5. cxd4 d5 6. e5 Bg4 7. Bb5+ Nc6 8. Bxc6+ bxc6 9. Nbd2 e6 10.
h3 Bxf3 11. Nxf3 Ne7 12. O-O O-O 13. b3 Nf5 14. Ba3 Re8 15. Qd2 a5 16. Bc5 a4 17. Qc3 Nh4 18. Rfc1 Bh6 19. Rc2 axb3 20. Qxb3 Nxf3+ 21. Qxf3 Ra6 22. Rb2 Qg5 23. g4 Qf4 24.
Qxf4 Bxf4 25. a4 Rea8 26. a5 Kg7 27. Bb6 h5 28. gxh5 gxh5 29. Rab1 Kg6 30. Rc2 Kf5 31. Rxc6 Bd2 32. Rc7 Kg6 33. Kh1 Bxa5 34. Rg1+ Kf5 35.
Rxf7+ Ke4 36. Bc5 Bd2 37. Rg3 Ra1+ 38. Kg2 R8a2 39. Rgf3 h4 40. Rg7 Bf4 41. Rg4 Rxf2+ 42. Rxf2 Rg1+ 43. Kxg1 Ke3 44. Rfxf4 Ke2 45. Kg2 Ke3 46.
Rf3+ Ke2 47. Rgf4 Ke1 48. Rf2 Kd1 49. R4f3 Ke1 50. Re3+ Kd1 51. Kf3 Kc1 52. Re1# 1-0

[Event "Late-Titled-Tuesday-Blitz-October-03-2023"]
[Site "Chess.com"]
[Date "2023.10.03"]
[Round "1"]
[White "falzehope0"]
[Black "Andrej2004"]
[Result "1-0"]
[WhiteElo "2369"]
[BlackElo "2638"]
[TimeControl "180+1"]
[EndTime "14:07:57 PDT"]
[Termination "falzehope0 won by checkmate"]

1. d4 b6 2. e3 Nf6 3. f4 Bb7 4. Nf3 g6 5. Bd3 Bg7 6. O-O d5 7. Nbd2 O-O 8. f5 c5 9. c3 Nc6 10. Qe1 Qd6 11. Qh4 Rae8 12. fxg6 fxg6 13. e4 e5 14.
exd5 Nxd5 15. Ne4 Qe7 16. Bg5 Qd7 17. dxc5 Ne3 18. Rad1 Nxd1 19. Rxd1 Kh8 20. Bc2 Qc7 21. Be3 Ne7 22. Neg5 h5 23. Ne6 Qc6 24. Rd6 Qb5 25.
Nxf8 Bxf3 26. gxf3 Qe2 27. Bf2 Bxf8 28. Bxg6 Qxf3 29. Bxh5 Qf4 30. Bg4+ Bh6 31. Bg3 Qc1+ 32. Kg2 Qc2+ 33. Kh3 Qh7 34. Rxh6 Qxh6 35. Qxh6+ Kg8 36. Qg5+ Kf7 37. Qh5+ Kf6 38. Qh4+ Kg7 39. Qg5+ Ng6 40. Bh5 Kf7 41. Bxg6+ Kg7 42. Bxe8+ Kf8 43. Qxe5 bxc5 44. Qxc5+ Kg7 45. Qc7+ Kf6 46. Qxa7 Kg5 47. Qd4 Kf5 48. Bf4 Ke6 49. Bd7+ Ke7 50. Bg4 Kf7 51. Qd5+ Kg6 52. Qf5+ Kg7 53. Be5+ Kh6 54. Qf6+ Kh7 55. Bf5+ Kg8 56.
Qg7# 1-0

[Event "Late-Titled-Tuesday-Blitz-October-03-2023"]
[Site "Chess.com"]
[Date "2023.10.03"]
[Round "1"]
[White "hellokostya"]
[Black "lluiss"]
[Result "1-0"]
[WhiteElo "2546"]
[BlackElo "2173"]
[TimeControl "180+1"]
[EndTime "14:07:57 PDT"]
[Termination "hellokostya won by resignation"]

1. Nf3 d5 2. e3 c6 3. c4 e6 4. Nc3 f5 5. b3 Nf6 6. Bb2 Bd6 7.
d4 O-O 8. Bd3 Bd7 9. O-O Be8 10.
Ne2 Bh5 11. Nf4 Bxf3 12. Qxf3 Qe7 13. cxd5 cxd5 14. Rac1 Nbd7 15. Rc2 Rfc8 16. Rfc1 Nb6 17. h3 Rxc2 18. Rxc2 Rc8 19. Qd1 Qd7 20. Qc1 Kf7 21. f3 Rxc2 22. Qxc2 Qc8 23. Qe2 Qc7 24. Qd2 Nbd7 25.
Bc3 Nf8 26. Ba5 b6 27. Bc3 Ng6 28. Nxg6 hxg6 29. g4 Be7 30. Kg2 Qd6 31. a4 a5 32.
Qe1 Bd8 33. Qg3 Qc6 34. Bd2 Bc7 35. Qf2 Qd6 36. Kg1 Qa3 37. Bc2 Qb2 38. Be1 Qc1 39.
Qd2 Qa1 40. Qc3 Qxc3 41. Bxc3 Nd7 42. Kf2 Bd6 43. Bd3 Nf8 44. e4 fxe4 45. fxe4 dxe4 46.
Bxe4 Nd7 47. d5 Nf6 48. dxe6+ Kxe6 49. Bxg6 Be5 50. Bd2 Bd4+ 51. Be3 Kd5 52. Bf7+ Kc5 53. Kf3 Nd7 54. Bxd4+ Kxd4 55. Kf4 Nc5 56. Kg5 Kc3 57.
Kg6 Nxb3 58. Kxg7 Nc5 59. h4 b5 60. axb5 a4 61. b6 a3 62. h5 Nb3 63. Bxb3 Kxb3 64.
b7 1-0

[Event "Late-Titled-Tuesday-Blitz-October-03-2023"]
[Site "Chess.com"]
[Date "2023.10.03"]
[Round "1"]
[White "BillieKimbah"]
[Black "arminmusovic"]
[Result "1/2-1/2"]
[WhiteElo "2962"]
[BlackElo "2501"]
[TimeControl "180+1"]
[EndTime "14:07:58 PDT"]
[Termination "Game drawn - insufficient material"]

1. d4 d5 2. Nf3 c5 3. c4 Nf6 4. cxd5 cxd4 5. Qxd4 Qxd5 6. Nc3 Qxd4 7. Nxd4 a6 8. Bf4 Nbd7 9. Nf3 b5 10. g3 Bb7 11.
Bg2 e6 12. Rc1 Bb4 13. O-O O-O 14. Rfd1 Rfc8 15. Bd2 h6 16. Ne1 Bxg2 17. Kxg2 Nc5 18. Be3 Bxc3 19. Rxc3 Na4 20. Rxc8+ Rxc8 21. Nd3 Nd5 22.
Bd4 Rc2 23. e4 Nf6 24. Kf3 a5 25. Rc1 Rxc1 26. Nxc1 Nd7 27. e5 Nac5 28. Ke3 f6 29. exf6 gxf6 30. Bxc5 Nxc5 31. Kd4 Nb7 32. Nd3 Kf7 33.
Nc5 Nd8 34. Nd3 Nb7 35. g4 Ke7 36. f4 Kd6 37. h4 Nd8 38. a3 Nf7 39. Nf2 e5+ 40.
Ke4 Ke6 41. f5+ Kd6 42. Nh3 Kc6 43. Nf2 Nd6+ 44. Ke3 h5 45. gxh5 Nxf5+ 46. Kf3 Kd5 47. Ne4 Nxh4+ 48. Ke3 Nf5+ 49. Kd3 Ke6 50. b4 axb4 51.
axb4 Nh6 52. Nc3 f5 53. Nxb5 Nf7 54. Nc3 Nd6 55. Ke3 f4+ 56. Kf3 Kf5 57. b5 Nxb5 58. Nxb5 e4+ 59. Kf2 Kg5 60. Nd6 Kxh5 61. Nxe4 Kg4 62.
Nf6+ Kf5 63. Kf3 Kxf6 64. Kxf4 1/2-1/2

[Event "Late-Titled-Tuesday-Blitz-October-03-2023"]
[Site "Chess.com"]
[Date "2023.10.03"]
[Round "1"]
[White "Eloist"]
[Black "Alexandr_Predke"]
[Result "0-1"]
[WhiteElo "2459"]
[BlackElo "2883"]
[TimeControl "180+1"]
[EndTime "14:08:00 PDT"]
[Termination "Alexandr_Predke won on time"]

1. e4 c5 2. Nf3 e6 3. d4 cxd4 4.
Nxd4 a6 5. Bd3 Bc5 6. Nb3 Ba7 7.
O-O Nc6 8. Qe2 d6 9. Be3 Nf6 10. Bxa7 Rxa7 11. f4 O-O 12. e5 Nd5 13. Qe4 g6 14.
N1d2 b5 15. Rae1 Ndb4 16. Qe3 Nxd3 17. cxd3 d5 18. Nf3 d4 19. Nfxd4 Nxd4 20. Nxd4 Rd7 21. Nc6 Qe8 22. Rc1 Bb7 23. Qb6 Qa8 24. Rf2 Bxc6 25. Qxc6 Rxd3 26. Qxa8 Rxa8 27. Rfc2 Rad8 28. Kf2 h5 29.
Ke2 Kg7 30. g3 h4 31. Kf2 Rd2+ 32. Kf3 R8d4 33. Kg4 hxg3 34. hxg3 R2d3 35. Rc3 Rd2 36. R1c2 Rd1 37. a3 a5 38. Rc5 Rd5 39. Rxd5 Rxd5 40. Rc7 Rd2 41. Ra7 a4 42. Kg5 Rxb2 43. Rb7 Rb3 44. g4 Rxa3 45. Rxb5 Ra1 46. Ra5 a3 47.
Ra7 a2 48. Ra6 Kg8 49. Ra8+ Kg7 50. Ra7 Kf8 51. Kf6 Ke8 0-1

[Event "Late-Titled-Tuesday-Blitz-October-03-2023"]
[Site "Chess.com"]
[Date "2023.10.03"]
[Round "1"]
[White "aistrel"]
[Black "shirovin"]
[Result "0-1"]
[WhiteElo "2513"]
[BlackElo "2077"]
[TimeControl "180+1"]
[EndTime "14:08:03 PDT"]
[Termination "shirovin won by checkmate"]

1. d4 Nf6 2. Nc3 d6 3. e4 c6 4. f4 Qa5 5. e5 Nd5 6. Bd2 dxe5 7. fxe5 Nxc3 8. Bxc3 Qc7 9. Nf3 Bg4 10. h3 Bxf3 11.
Qxf3 e6 12. Bc4 Be7 13. O-O O-O 14. a4 Nd7 15. Qg4 c5 16. Bxe6 cxd4 17. Bxd4 Nxe5 18. Qe4 Nc6 19. Bxg7 Kxg7 20. Qg4+ Kh8 21. Bf5 Bc5+ 22. Kh1 Nd4 23. Bd3 Rg8 24. Qh5 Rg7 25. Rf6 Qg3 26. Rg1 Bd6 27. Rxd6 Qxd6 28. Rf1 Qg3 29. Be4 Rag8 30.
c3 Ne6 31. Bxb7 Nf4 32. Qe5 Nxg2 33. Qxg3 Rxg3 34. Rxf7 Rxh3+ 35. Kg1 Ne3+ 36. Kf2 Ng4+ 37. Ke2 Ne5 38. Re7 Ng6 39. Rf7 Rh2+ 40. Kd3 Rxb2 41. Kd4 Rd8+ 42. Kc5 Ne5 43. Re7 Rd7 44. Re8+ Kg7 45.
Be4 Re2 46. Bc6 Rc7 47. Kd6 Rxc6+ 48. Kd5 Rc7 49. c4 Rd7+ 50. Kc5 Re3 51. Ra8 Red3 52.
a5 R3d4 53. a6 Rxc4+ 54. Kb5 Rd5# 0-1

[Event "Late-Titled-Tuesday-Blitz-October-03-2023"]
[Site "Chess.com"]
[Date "2023.10.03"]
[Round "1"]
[White "Qvalda"]
[Black "Rutricks"]
[Result "0-1"]
[WhiteElo "2384"]
[BlackElo "2701"]
[TimeControl "180+1"]
[EndTime "14:08:04 PDT"]
[Termination "Rutricks won by resignation"]

1. Nf3 g6 2. e4 Bg7 3. d4 c6 4.
Nc3 d5 5. h3 dxe4 6. Nxe4 Nf6 7. Nxf6+ exf6 8. Bd3 O-O 9. Be3 a5 10. O-O Na6 11. a3 Nc7 12. c4 Be6 13. Qc2 Re8 14. Rfd1 Qd7 15. b4 Bf8 16. Qb2 axb4 17. axb4 Bf5 18. Bf1 Be4 19. Nd2 Bf5 20. Nf3 Bg7 21. Rxa8 Rxa8 22. Ra1 Re8 23. Ra7 Qc8 24. Qa3 Bf8 25. Qa5 Ne6 26. Qb6 Re7 27. d5 cxd5 28. cxd5 Nd8 29. Qxf6 Rxe3 30. fxe3 Bxb4 31. Qa1 Bc5 32. Ra8 Bxe3+ 33. Kh1 Qc7 34. Qf6 Bb6 35. d6 Qc1 36. Rxd8+ Bxd8 37. Qxd8+ Kg7 38. Nh2 Bd3 39. Kg1 Qe3+ 40. Kh1 Qe1 41. Qe7 Qa1 42. d7 Bxf1 43. Nxf1 Qxf1+ 44. Kh2 Qf4+ 45. Kg1 Qc1+ 46. Kf2 Qd2+ 47.
Kf3 Qd3+ 48. Kf4 Qd2+ 49. Ke5 Qc3+ 50. Kd5 Qd3+ 51. Ke5 Qe3+ 52. Kd6 Qa3+ 53. Kc7 Qxe7 54. Kc8 Qxd7+ 55. Kxd7 Kf6 56. Kd6 Kf5 57. Kc5 Kf4 0-1

[Event "Late-Titled-Tuesday-Blitz-October-03-2023"]
[Site "Chess.com"]
[Date "2023.10.03"]
[Round "1"]
[White "yoelpolanco"]
[Black "louis198"]
[Result "0-1"]
[WhiteElo "2317"]
[BlackElo "2618"]
[TimeControl "180+1"]
[EndTime "14:08:04 PDT"]
[Termination "louis198 won by resignation"]

1. d4 Nf6 2. c4 d6 3. Nc3 g6 4.
Nf3 Bg7 5. e4 O-O 6. Be2 Nbd7 7.
O-O e5 8. Be3 Ng4 9. Bg5 f6 10.
Bd2 f5 11. Bg5 Ngf6 12. dxe5 dxe5 13. Qd2 fxe4 14. Ne1 Nc5 15. Qe3 Qd4 16. Nc2 Qxe3 17. Bxe3 Nd3 18. Rab1 Bf5 19. h3 h5 20. Bg5 Nf4 21.
Ne3 c6 22. Rfd1 Be6 23. Bxf6 Bxf6 24. Bf1 Be7 25. Nxe4 Rad8 26. b3 h4 27. Ng4 Bxg4 28. hxg4 Rd4 29. Rxd4 exd4 30. Rd1 c5 31. Bd3 b6 32. g3 hxg3 33. fxg3 Nxd3 34. Rxd3 Re8 35. Kf2 Kg7 36. Kf3 Rf8+ 37. Kg2 a5 38. a4 Re8 39. Kf3 Bf8 40. Rd1 Re7 41. g5 Re5 42. Kf4 Rf5+ 43. Kg4 Be7 44. Rh1 Bd8 45. Rd1 Bc7 46. Rh1 Re5 47. Kf3 Re8 48. Nf6 Re3+ 49. Kf2 Bxg3+ 50. Kg2 Kf7 51. Rh7+ Ke6 52. Nd5 Rxb3 53.
Rh3 d3 54. Rxg3 d2 55. Ne3 Rb1 56. Rf3 Ke5 57. Rf2 d1=Q 58. Nxd1 Rxd1 59. Rf6 Rd6 60. Rf8 Kd4 61. Rf4+ Kc3 62. Kf3 Kb4 63. Ke4 Kxc4 64.
Ke5+ Rd4 65. Rf6 Rg4 66. Rxg6 Kd3 67. Kf5 Rg1 68. Rxb6 c4 69. g6 c3 70. Rd6+ Kc4 71.
Rc6+ Kb3 72. Rc5 c2 73. Kf6 c1=Q 74. Rxc1 Rxc1 75. g7 Rg1 76. Kf7 Kxa4 0-1

[Event "Late-Titled-Tuesday-Blitz-October-03-2023"]
[Site "Chess.com"]
[Date "2023.10.03"]
[Round "1"]
[White "martinbitel"]
[Black "Real_taiatai"]
[Result "1-0"]
[WhiteElo "2245"]
[BlackElo "2550"]
[TimeControl "180+1"]
[EndTime "14:08:04 PDT"]
[Termination "martinbitel won by checkmate"]

1. d4 d5 2. c4 e6 3. Nf3 Nf6 4. g3 Be7 5. Bg2 O-O 6. O-O dxc4 7.
Ne5 Nc6 8. Nxc6 bxc6 9. Na3 Bxa3 10. bxa3 Bb7 11. a4 Nd5 12. Ba3 Re8 13. Qc2 Ba6 14. Bc5 e5 15. e4 Nf6 16. dxe5 Rxe5 17. Be3 Qe8 18. f4 Rxe4 19. Bxe4 Nxe4 20. Bf2 f5 21. Rfe1 c5 22. Bxc5 Qc6 23. Bf2 Bb7 24. Bd4 Nxg3 25. Rac1 Qh1+ 26. Kf2 Qxh2+ 27. Ke3 Re8+ 28. Be5 Qh3 29.
Qxc4+ Kh8 30. Kd2 Ne4+ 31. Kc2 Qg2+ 32. Kb1 Rb8 33. Ka1 Qf2 34. Qd4 Qxd4+ 35. Bxd4 Rd8 36. Be5 Rd2 37. Rxc7 Ba6 38. Rxa7 Bc8 39. Ra8 Rc2 40. Rd1 h6 41. Rd8+ Kh7 42. Rdxc8 Nc3 43. Rxc3 Rxa2+ 44. Kxa2 Kg6 45. a5 Kh5 46. a6 Kg4 47. a7 g6 48. Rb8 h5 49. a8=Q Kh4 50. Qc6 g5 51. Re3 g4 52. Re2 g3 53. Qf3 Kh3 54. Rh8 h4 55.
Qg2+ Kg4 56. Rg8+ Kh5 57. Qf3+ Kh6 58. Rh8+ Kg6 59. Qh5# 1-0

[Event "Late-Titled-Tuesday-Blitz-October-03-2023"]
[Site "Chess.com"]
[Date "2023.10.03"]
[Round "1"]
[White "lemures27"]
[Black "BardArtem"]
[Result "0-1"]
[WhiteElo "2428"]
[BlackElo "2789"]
[TimeControl "180+1"]
[EndTime "14:08:05 PDT"]
[Termination "BardArtem won by resignation"]

1. e4 e5 2. Nf3 Nc6 3. Bb5 Nge7 4. Nc3 Ng6 5. O-O a6 6. Bc4 Be7 7. d4 exd4 8. Nxd4 d6 9. Nf5 Bxf5 10. exf5 Nge5 11.
Bd5 O-O 12. Be3 Bf6 13. a3 Re8 14. Re1 Rb8 15. f4 Nd7 16. Qd2 Ne7 17. Be4 Bxc3 18. Qxc3 Nf6 19. Qd3 Qd7 20. Ba7 Ra8 21. Bd4 Nxe4 22.
Rxe4 Nxf5 23. Bf2 h6 24. Rae1 Rxe4 25. Qxe4 d5 26. Qe2 Nd6 27. Qe5 Ne4 28. Bd4 f6 29.
Qh5 Re8 30. b4 Qf7 31. Qf3 b6 32. Qd3 c5 33. Be3 d4 34. Bc1 Nd6 35. Bd2 Rxe1+ 36.
Bxe1 Qc4 37. Qd1 Ne4 38. h3 Nc3 39. Bxc3 Qxc3 40. bxc5 bxc5 41. Qe2 Qa1+ 42. Kh2 Qxa3 43. Qe8+ Kh7 44. Qe4+ f5 45. Qxf5+ Kg8 46. Qc8+ Kf7 47. Qd7+ Kf6 48. Qd6+ Kf7 49. Qd7+ Kf6 50. Qd6+ Kf5 51. Qe5+ Kg6 52. f5+ Kh7 53. Qe4 Qe3 54. Qg4 Qe5+ 55.
Kg1 Qe1+ 56. Kh2 Qe5+ 57. Kg1 Qf6 58. h4 a5 59. h5 a4 60. Qf3 Qa6 61. Qe4 Qf6 62.
Qf3 c4 63. Qa3 Qa6 64. Kf2 d3 65. cxd3 cxd3 66. Ke3 Qb5 67. Qxd3 Qxd3+ 68. Kxd3 Kg8 69. Kc4 Kf7 70. Kb4 Kf6 71. Kxa4 Kxf5 0-1

[Event "Late-Titled-Tuesday-Blitz-October-03-2023"]
[Site "Chess.com"]
[Date "2023.10.03"]
[Round "1"]
[White "GaiozNigalidze"]
[Black "Caisachess"]
[Result "1-0"]
[WhiteElo "2749"]
[BlackElo "2413"]
[TimeControl "180+1"]
[EndTime "14:08:05 PDT"]
[Termination "GaiozNigalidze won by resignation"]

1. d4 d5 2. c4 c6 3. Nf3 Nf6 4. e3 e6 5. Nbd2 Nbd7 6. Be2 Bd6 7. O-O O-O 8. cxd5 exd5 9. b3 Re8 10. Bb2 Qe7 11.
Qc2 Ba3 12. Bxa3 Qxa3 13. Bd3 Nf8 14. Rac1 a5 15. Nb1 Qd6 16. a4 Ne4 17. Nbd2 f5 18. Ne5 Ng6 19. Ndf3 Be6 20. Nxg6 hxg6 21. Ne5 Bf7 22.
Bxe4 dxe4 23. f3 exf3 24. Rxf3 Bd5 25. Rg3 Re6 26. Qf2 Rae8 27. Rh3 Rxe5 28. dxe5 Qxe5 29. Qh4 Bxb3 30. Qh7+ Kf7 31. Rg3 Re6 32. Qh8 Re8 33. Qh7 Qf6 34. Rb1 Qe6 35. h4 Re7 36. h5 Ke8 37.
Qxg6+ Qxg6 38. Rxg6 Bxa4 39. Kf2 Bb5 40. Ra1 a4 41. Kf3 Kf7 42. Kf4 Rd7 43. Rg5 Kf6 44. Rxf5+ Ke6 45. Re5+ Kf6 46. g4 Rd2 47. g5+ Kf7 48.
g6+ Kf6 49. Rf5+ Ke6 50. e4 Rf2+ 51. Kg5 Rg2+ 52. Kh4 Rh2+ 53. Kg3 Re2 54. h6 Re3+ 55. Kf2 Re2+ 56. Kf3 Rg2 57. Kxg2 1-0

[Event "Late-Titled-Tuesday-Blitz-October-03-2023"]
[Site "Chess.com"]
[Date "2023.10.03"]
[Round "1"]
[White "luizzy"]
[Black "FM_Kappeler"]
[Result "1/2-1/2"]
[WhiteElo "2623"]
[BlackElo "2357"]
[TimeControl "180+1"]
[EndTime "14:08:06 PDT"]
[Termination "Game drawn by repetition"]

1. b3 e6 2. Bb2 Nf6 3. e3 d5 4.
Nf3 Be7 5. Be2 O-O 6. O-O c5 7. Ne5 Nbd7 8. f4 b6 9. Nc6 Qe8 10. Nxe7+ Qxe7 11. d3 Bb7 12. Nd2 Rac8 13. Nf3 b5 14. Qe1 c4 15. bxc4 bxc4 16. Qa5 cxd3 17. Bxd3 Qc5 18. Qd2 Nb6 19. Ne5 Nc4 20. Bxc4 dxc4 21.
Bd4 Qc7 22. Rab1 c3 23. Qe2 Bd5 24. a4 Ne4 25. Rb4 f6 26. Nf3 Bc4 27. Rxc4 Qxc4 28. Qxc4 Rxc4 29. Ra1 Rb8 30. Kf1 Rb2 31. Ne1 a5 32.
Ke2 f5 33. Kd3 Rc8 34. Ra3 Nf2+ 35. Ke2 Ne4 36. Kd3 Rb1 37. Nf3 Rd1+ 38. Ke2 Rc1 39.
Ne1 Kf7 40. Rb3 h6 41. Rb7+ Kg6 42. Rxg7+ Kh5 43. h3 Rc4 44. Nf3 Rxc2+ 45. Kd3 Rxg2 46. Rxg2 c2 47. Rxc2 Rxa4 48. Rc6 Ra3+ 49. Ke2 Ra2+ 50. Kd3 Ra3+ 51. Kc2 Ra2+ 52. Kd3 Ra3+ 1/2-1/2

[Event "Late-Titled-Tuesday-Blitz-October-03-2023"]
[Site "Chess.com"]
[Date "2023.10.03"]
[Round "1"]
[White "IPAchess"]
[Black "Ermito2020"]
[Result "0-1"]
[WhiteElo "2312"]
[BlackElo "2613"]
[TimeControl "180+1"]
[EndTime "14:08:06 PDT"]
[Termination "Ermito2020 won by resignation"]

1. d4 Nf6 2. c4 g6 3. Nc3 Bg7 4. Nf3 d6 5. Bg5 h6 6. Bh4 O-O 7. e3 c5 8. d5 e6 9. Be2 exd5 10.
cxd5 a6 11. a4 Re8 12. O-O g5 13. Bg3 Nh5 14. Qc2 Nxg3 15. hxg3 Nd7 16. Rfe1 Rb8 17. Bd3 Nf6 18. Nd2 b5 19. axb5 axb5 20. Bxb5 Bd7 21. Bd3 Ng4 22. Nc4 Qf6 23. Ra6 Bf8 24. Nb6 Ne5 25.
Nxd7 Nxd7 26. Bh7+ Kh8 27. Bf5 Ne5 28. g4 Rb4 29. Ne4 Qg7 30. Nxd6 Rxb2 31. Qc1 Reb8 32.
Nc4 Nxc4 33. Qxc4 R2b4 34. Qc2 Qe5 35. Rd1 Bd6 36. g3 Rb2 37. Qd3 Kg7 38. Qe4 Qf6 39. Rc6 Ra2 40. Rb1 Rxb1+ 41. Qxb1 Ra1 42. Rb6 Rxb1+ 43. Rxb1 c4 44. Rc1 c3 45. Rc2 Be5 46.
Kg2 Qd6 47. Be4 Qb4 48. Kf3 Kf6 49. Bf5 Qb3 50. Be4 Ke7 51. Ke2 Qc4+ 52. Kf3 Qf1 53. Ra2 Qh1+ 54. Ke2 Qxe4 0-1